 Dungeon Crawl Stone Soup version 0.18-a0-1121-gb454403 (webtiles) character file.

14387 tof the Fighter (level 11, -1/107 HPs)
             Began as a Minotaur Fighter on Jan 18, 2016.
             Was a High Priest of Jiyva.
             Slain by Snorg (12 damage)
             ... on level 3 of the Lair of Beasts.
             The game lasted 00:42:51 (13343 turns).

tof the Fighter (Minotaur Fighter)                 Turns: 13343, Time: 00:42:53

Health: -1/107     AC: 14    Str: 24    XL:     11   Next: 88%
Magic:  10/10      EV:  9    Int: 10    God:    Jiyva [*****.]
Gold:   479        SH: 11    Dex: 16    Spells: 0 memorised, 10 levels left

rFire  + . .     SeeInvis .     J - +0 morningstar
rCold  . . .     Gourm    .     G - +0 scale mail
rNeg   . . .     Faith    .     c - +1 shield
rPois  .         Spirit   .     A - +2 hat {Int+3}
rElec  .         Dismiss  .     j - +2 cloak
rCorr  +         Reflect  .     (no gloves)
SustAt .         Harm     .     (no boots)
MR     .....                    (no amulet)
Stlth  +.........               x - ring of protection from fire
                                e - +6 ring of dexterity

@: not resistant to hostile enchantments, very unstealthy
A: retaliatory headbutt, horns 2, repulsion field 1, mutation resistance 1,
strong 1, translucent skin 1
a: Request Jelly, Jelly Paralyse, Slimify, Cure Bad Mutation, Renounce Religion


You were on level 3 of the Lair of Beasts.
You worshipped Jiyva.
Jiyva was extremely pleased with you.
You were not hungry.

You visited 3 branches of the dungeon, and saw 14 of its levels.

You collected 479 gold pieces.

Inventory:

Hand Weapons
 a - a +0 arbalest
 b - a +0 mace of draining
 t - a +0 flail
 D - a +0 dire flail
 J - a +0 morningstar (weapon)
 M - the +7 dagger "Joarhal" {vamp, rF+, unknown}
   (You found it on level 1 of the Lair of Beasts)

   It inflicts no extra harm, but heals its wielder somewhat when it strikes a
   living foe.
   It protects you from fire.
Missiles
 s - 70 bolts
Armour
 c - a +1 shield (worn)
 j - a +2 cloak (worn)
 A - a +2 hat of intelligence (worn)
 G - a +0 scale mail (worn)
 O - a +1 hat
Jewellery
 e - a +6 ring of dexterity (left hand)
 o - a +3 ring of intelligence
 u - an uncursed ring of stealth
 x - a ring of protection from fire (right hand)
 T - an uncursed ring of resist corrosion
Wands
 E - a wand of paralysis (2/24)
 H - a wand of lightning (5/15)
Scrolls
 g - 5 scrolls of identify
 h - 2 scrolls of fear {unknown}
 i - 2 scrolls of enchant armour
 l - 2 scrolls of enchant weapon {unknown}
 p - 7 scrolls of remove curse
 q - 6 scrolls of teleportation
 v - a scroll of noise {unknown}
 w - a scroll of immolation {unknown}
 y - a scroll of random uselessness {unknown}
 B - a scroll of blinking {unknown}
 R - a scroll of magic mapping {unknown}
Potions
 d - 4 potions of might
 n - 6 potions of agility
 r - 2 potions of flight
 z - a potion of brilliance
 C - 2 potions of curing {unknown}
 I - 2 potions of mutation {unknown}
 L - a potion of haste {unknown}
 N - a potion of berserk rage {unknown}
 Q - a potion of poison {unknown}
Books
 K - a book of Annihilations

   Spells                             Type                      Level
   a - Poison Arrow                   Conjuration/Poison           6
   b - Chain Lightning                Conjuration/Air              8
   c - Lehudib's Crystal Spear        Conjuration/Earth            8
   d - Glaciate                       Conjuration/Ice              9
   e - Fire Storm                     Conjuration/Fire             9
Miscellaneous
 k - a stone of tremors
Comestibles
 f - 6 bread rations
 m - a meat ration
 F - 5 fruits
 P - a slice of pizza


   Skills:
 * Level 13.5 Fighting
 * Level 13.4 Maces & Flails
 + Level 8.1 Crossbows
 + Level 10.1 Armour
 - Level 3.6 Shields


You had 10 spell levels left.
You didn't know any spells.

Dungeon Overview and Level Annotations

Branches:
Dungeon (10/15)            Temple (1/1) D:5            Lair (3/8) D:10
 Shoals (0/4) Lair:3        Snake (0/4) Lair:3
    Orc: D:9-12

Altars:
Ashenzari
Cheibriados
Dithmenos
Elyvilon
Fedhas
Gozag
Kikubaaqudgha
Makhleb
Nemelex Xobeh
Okawaru
Pakellas
Qazlal
Ru
Sif Muna
Trog
Vehumet
Xom
Yredelemnul
Zin
The Shining One
Jiyva

Shops:
D:7 [

Annotations:
Lair:3 Snorg


Innate Abilities, Weirdness & Mutations

You reflexively headbutt those who attack you in melee.
You have a pair of horns on your head.
You are surrounded by a mild repulsion field (EV +2).
You are somewhat resistant to further mutation.
Your muscles are strong. (Str +2)
Your skin is partially translucent (Stealth, -foe acc).


Message History

Snorg barely misses you. Snorg closely misses you. Snorg misses you.
You sock Snorg! You headbutt Snorg.
Snorg is almost dead.
Snorg bites you!! Snorg claws you but does no damage. Snorg barely misses you.
Snorg closely misses you. Snorg claws you but does no damage.
You block Snorg's attack.
You hit Snorg. You headbutt Snorg.
Snorg is almost dead.
Snorg bites you!!
* * * LOW HITPOINT WARNING * * *
Snorg closely misses you. Snorg claws you but does no damage.
You are too injured to fight recklessly!
You thump Snorg! You headbutt Snorg.
Snorg is almost dead.
Snorg bites you.
* * * LOW HITPOINT WARNING * * *
Snorg claws you but does no damage. Snorg closely misses you. Snorg bites you!
* * * LOW HITPOINT WARNING * * *
Snorg claws you!
You die...

.## ..... ..####...... .......
..........>.. ......
....................
.............. .... .............
... ...........# ###.#
..........P###.#T#
###......PP#....@+
.≈###.....##.....##...
P.≈#......##..........#
♣♣P#......##....>##....
♣≈.##......#.....##...#. #..
.................##..... #..
♣♣≈#......###.P..##...### #####..
♣.≈##......##.....#...#.###..##..
P≈≈#.............................


You could see Snorg (berserk).

Vanquished Creatures
  Gastronok (D:9)
  3 death yaks
  The ghost of tof the Skirmisher, a novice MiFi (D:4)
  2 black mambas
  A gargoyle (D:10)
  A spiny frog (Lair:2)
  A komodo dragon (Lair:1)
  2 two-headed ogres
  A troll (D:9)
  A queen bee (D:9)
  12 yaks
  A basilisk (D:10)
  A hippogriff (D:8)
  Menkaure (D:7)
  A hungry ghost (D:8)
  3 nagas (Lair:3)
  6 water moccasins
  9 porcupines
  A sky beast (D:6)
  3 phantoms
  2 orc warriors
  An ice beast (D:5)
  2 ogres (D:6)
  7 crocodiles
  A big kobold (D:7)
  7 giant frogs
  3 scorpions
  2 wyvern skeletons (D:9)
  17 killer bees (D:9)
  7 wights
  4 electric eels
  A giant frog zombie (D:5)
  4 crimson imps
  A quasit (D:5)
  2 centaur skeletons
  2 orc priests
  3 hounds
  4 orc wizards
  2 iguanas
  Natasha (twice) (D:2)
  4 worker ants
  A killer bee zombie (D:5)
  A worker ant zombie (D:6)
  7 gnolls
  8 adders
  24 river rats
  A shadow imp (D:7)
  4 oozes
  An adder skeleton (D:4)
  An adder zombie (D:5)
  2 worms
  4 giant geckos
  23 orcs
  A ball python (D:1)
  3 bats
  6 giant cockroaches
  3 goblins (D:1)
  7 hobgoblins
  5 jackals
  9 quokkas
  3 giant newts
  A jackal skeleton (D:6)
  14 kobolds
  2 quokka zombies
  6 rats
267 creatures vanquished.

Vanquished Creatures (others)
  A death yak (Lair:3)
  2 yaks (Lair:1)
  A basilisk (Lair:2)
  A hippogriff (D:10)
  A hungry ghost (D:9)
  A steam dragon (D:9)
  A porcupine (Lair:3)
  A black bear (D:10)
  A sky beast (D:10)
  A phantom (D:9)
  2 necrophages (D:10)
  A big kobold (D:9)
  A crocodile (Lair:2)
  2 wyvern zombies
  3 giant frogs
  44 jellies
  A water moccasin skeleton (D:7)
  2 crimson imps (D:6)
  A hound (D:9)
  An iguana (D:8)
  A worker ant (D:9)
  An orc wizard (D:6)
  A worker ant zombie (D:8)
  8 river rats
  An adder (D:6)
  2 shadow imps
  5 orcs
  A ball python (D:4)
  A giant cockroach (D:7)
  3 kobolds (D:9)
  6 fungi
  5 plants
104 creatures vanquished.

Grand Total: 371 creatures vanquished

Notes
Turn   | Place    | Note
--------------------------------------------------------------
     0 | D:1      | tof the Minotaur Fighter began the quest for the Orb.
     0 | D:1      | Reached XP level 1. HP: 19/19 MP: 0/0
   133 | D:1      | Reached XP level 2. HP: 27/27 MP: 1/1
   140 | D:1      | Reached skill level 4 in Fighting
   605 | D:2      | Reached XP level 3. HP: 29/33 MP: 2/2
   614 | D:2      | Found a burning altar of Makhleb.
   808 | D:2      | Reached XP level 4. HP: 34/41 MP: 3/3
   824 | D:2      | Noticed Natasha
   827 | D:2      | Killed Natasha
   867 | D:2      | Found an oddly glowing altar of Pakellas.
   954 | D:2      | Noticed Natasha
   966 | D:2      | Killed Natasha
  1200 | D:2      | Reached XP level 5. HP: 47/47 MP: 4/4
  1310 | D:2      | Reached skill level 5 in Fighting
  1495 | D:3      | You fall through a shaft for 3 floors!
  1498 | D:5      | Entered Level 5 of the Dungeon
  1646 | D:5      | Found a glowing silver altar of Zin.
  1732 | D:5      | Reached skill level 5 in Maces & Flails
  1732 | D:5      | Reached skill level 5 in Armour
  1771 | D:5      | Reached XP level 6. HP: 17/56 MP: 5/5
  2057 | D:5      | Reached skill level 1 in Crossbows
  2238 | D:5      | Found a staircase to the Ecumenical Temple.
  2286 | Temple   | Entered the Ecumenical Temple
  2431 | Temple   | Became a worshipper of Jiyva Jius the Shapeless
  2456 | D:5      | Found a bloodstained altar of Trog.
  2459 | D:5      | Reached skill level 6 in Fighting
  2471 | D:5      | Noticed an ice beast
  2483 | D:5      | Killed an ice beast
  2483 | D:5      | Reached XP level 7. HP: 38/63 MP: 6/6
  2609 | D:4      | Noticed tof's ghost (novice MiFi)
  2627 | D:4      | Killed tof's ghost
  2627 | D:4      | Reached skill level 7 in Fighting
  2907 | D:4      | Found a sacrificial altar of Ru.
  2955 | D:4      | Reached XP level 8. HP: 66/73 MP: 7/7
  3155 | D:4      | Found a white marble altar of Elyvilon.
  3189 | D:4      | Found a deep blue altar of Sif Muna.
  3454 | D:4      | Found a shadowy altar of Dithmenos.
  3947 | D:6      | Reached skill level 8 in Fighting
  4678 | D:6      | Reached * piety under Jiyva
  5008 | D:6      | Found an iron altar of Okawaru.
  5189 | D:6      | Reached XP level 9. HP: 71/82 MP: 8/8
  5406 | D:7      | Noticed Menkaure
  5412 | D:7      | Reached skill level 9 in Fighting
  5686 | D:7      | Killed Menkaure
  5729 | D:7      | Reached ** piety under Jiyva
  5783 | D:7      | Reached *** piety under Jiyva
  5995 | D:7      | Found a blossoming altar of Fedhas.
  6055 | D:7      | Found a sparkling altar of Nemelex Xobeh.
  6082 | D:7      | Found Xikhly's Antique Armour Shop.
  6101 | D:7      | Found a shimmering altar of Xom.
  6219 | D:7      | Found a shattered altar of Ashenzari.
  6544 | D:8      | Reached skill level 5 in Crossbows
  6829 | D:8      | Reached **** piety under Jiyva
  6852 | D:8      | Reached skill level 10 in Fighting
  7088 | D:9      | Reached skill level 10 in Maces & Flails
  7114 | D:9      | Noticed a queen bee
  7127 | D:9      | Reached XP level 10. HP: 31/94 MP: 9/9
  7453 | D:9      | Found an opulent altar of Gozag.
  7543 | D:9      | Gained mutation: You occasionally shout uncontrollably at your foes. [Jiyva's grace]
  7707 | D:9      | Noticed Gastronok
  7905 | D:9      | Killed Gastronok
  7905 | D:9      | Reached skill level 11 in Fighting
  8553 | D:10     | Entered Level 10 of the Dungeon
  8701 | D:10     | Found a staircase to the Lair.
  8703 | D:10     | Reached skill level 12 in Fighting
  8819 | D:10     | Lost mutation: You occasionally shout uncontrollably at your foes. [Jiyva's grace]
  8963 | D:10     | Reached ***** piety under Jiyva
  8970 | D:10     | Noticed a gargoyle
  8982 | D:10     | Killed a gargoyle
  8982 | D:10     | Reached XP level 11. HP: 81/104 MP: 10/10
  9429 | Lair:1   | Entered Level 1 of the Lair of Beasts
  9466 | Lair:1   | Got a dazzling dagger
  9753 | Lair:1   | Gained mutation: You are somewhat resistant to further mutation. [Jiyva's grace]
 10174 | Lair:1   | Noticed a four-headed hydra
 10192 | Lair:1   | Slimified a four-headed hydra
 10192 | Lair:1   | Noticed an azure jelly
 10192 | Lair:1   | a four-headed hydra changed into an azure jelly
 10546 | Lair:1   | Gained mutation: You are surrounded by a mild repulsion field (EV +2). [Jiyva's grace]
 11892 | Lair:2   | Reached skill level 13 in Fighting
 12009 | Lair:2   | Gained mutation: Your muscles are strong. (Str +2) [Jiyva's grace]
 12489 | Lair:3   | Found a staircase to the Snake Pit.
 12681 | Lair:3   | Noticed an eight-headed hydra
 12697 | Lair:3   | Noticed a death yak
 12702 | Lair:3   | Gained mutation: Your skin is partially translucent (Stealth, -foe acc). [Jiyva's grace]
 12704 | Lair:3   | Slimified an eight-headed hydra
 12704 | Lair:3   | an eight-headed hydra changed into a slime creature
 12715 | Lair:3   | Killed a death yak
 12715 | Lair:3   | Reached skill level 10 in Armour
 12741 | Lair:3   | Noticed a death yak
 12741 | Lair:3   | Killed a death yak
 12745 | Lair:3   | Noticed a death yak
 12930 | Lair:2   | Killed a death yak
 13068 | Lair:3   | Killed a death yak
 13314 | Lair:3   | Found a staircase to the Shoals.
 13327 | Lair:3   | Noticed Snorg
 13343 | Lair:3   | Slain by Snorg

Vault maps used:
D:1:      matt_arrival_los_fun, minmay_misc_feat_roman, hex_intersection
D:2:      grunt_pakellas_basics, makhleb_heckhound_becter, uniq_natasha
D:3:      lemuel_crystal_altar, ecumenical_altar_2
D:4:      kennysheep_mini, elyvilon_altar_4, overflow_temple_1_default,
          nicolae_ru_awakened_eye
D:5:      overflow_temple_1_default, lemuel_crystal_altar,
          minmay_temple_entry_statues_pillars, first_bread
D:6:      nicolae_overflow_crystal_walls, serial_bayou_lake_a
D:7:      nicolae_overflow_hidden_temple, lemuel_crystal_altar,
          kennysheep_mini_moat, serial_shops, nicolae_shop_trees, basic_altar,
          uniq_menkaure
D:9:      nicolae_gozag_seed_capital, david_nohive_1, uniq_gastronok
D:10:     minmay_lair_entry_grove
Temple:   pf_slimified_temple
Lair:2:   nicolae_quartered_pool_medium
Lair:3:   shoals_dummy_entry, guppyfry_snake_entry_garden, uniq_snorg

Action                   |  1- 3 |  4- 6 |  7- 9 | 10-12 || total
-------------------------+-------+-------+-------+-------++-------
Melee: Flail             |    67 |   141 |   240 |       ||   448
       Mace              |       |       |    54 |   117 ||   171
       Dire flail        |       |       |    47 |       ||    47
       Morningstar       |       |       |       |   237 ||   237
 Fire: Arbalest          |       |       |       |    10 ||    10
Invok: Jelly Paralyse    |       |       |     1 |       ||     1
       Slimify           |       |       |       |     2 ||     2
Evoke: Wand              |       |       |       |     7 ||     7
  Use: Scroll            |       |       |     5 |     2 ||     7
       Potion            |       |       |       |     6 ||     6
  Eat: Chunk             |       |     5 |    11 |     1 ||    17
       Fruit             |       |       |     3 |     1 ||     4
